 Dungeon Crawl Stone Soup version 0.18.1-8-gdd0e5ea (webtiles) character file.

22 cruasano the Firebug (level 2, -3/20 HPs)
             Began as a Mummy Fire Elementalist on May 29, 2016.
             Killed from afar by a white imp (4 damage)
             ... with a puff of frost
             ... summoned by Natasha
             ... on level 2 of the Dungeon.
             The game lasted 00:07:35 (1175 turns).

cruasano the Firebug (Mummy Fire Elementalist)      Turns: 1175, Time: 00:07:35

Health: -3/20      AC:  2    Str: 11    XL:     2   Next: 68%
Magic:  1/5        EV: 12    Int: 14    God:
Gold:   39         SH:  0    Dex: 12    Spells: 1 memorised, 4 levels left

rFire  x . .     SeeInvis .     c - +0 club
rCold  + . .     Gourm    .     h - +0 robe
rNeg   + + +     Faith    .     (no shield)
rPois  ∞         Spirit   .     (no helmet)
rElec  .         Dismiss  .     (no cloak)
rCorr  .         Reflect  .     (no gloves)
SustAt .         Harm     .     (no boots)
MR     .....                    (no amulet)
Stlth  ++........               (no ring)
                                (no ring)

@: slowed, very slow, not resistant to hostile enchantments, unstealthy
A: no food or potions, fire vulnerability, cold resistance 1, negative energy
resistance 3, torment resistance, unbreathing
a: no special abilities


You were on level 2 of the Dungeon.
You were not hungry.

You visited 1 branch of the dungeon, and saw 2 of its levels.

You collected 39 gold pieces.

Inventory:

Hand Weapons
 c - a +0 club (weapon)
 d - a +0 hunting sling
Armour
 a - a +0 robe
 h - a +0 robe (worn)
Potions
 e - a potion of degeneration {unknown}
Books
 b - a book of Flames

   Spells                             Type                      Level
   a - Flame Tongue                   Conjuration/Fire             1
   b - Throw Flame                    Conjuration/Fire             2
   c - Conjure Flame                  Conjuration/Fire             3
   d - Inner Flame                    Hexes/Fire                   3
   e - Sticky Flame                   Conjuration/Fire             4
   f - Fireball                       Conjuration/Fire             5
Comestibles
 f - a bread ration
 g - a beef jerky


   Skills:
 + Level 0.4 Fighting
 + Level 1.7 Dodging
 + Level 1.6 Stealth
 + Level 2.1 Spellcasting
 + Level 1.2 Conjurations
 + Level 2.7 Fire Magic


You had 4 spell levels left.
You knew the following spells:

 Your Spells              Type           Power        Failure   Level  Hunger
a - Flame Tongue          Conj/Fire      #....        12%         1    N/A

Dungeon Overview and Level Annotations

Branches:
Dungeon (2/15)

Altars:

Annotations:
D:2 Natasha


Innate Abilities, Weirdness & Mutations

You do not eat or drink.
Your flesh is vulnerable to fire.
You are immune to poison.
Your flesh is cold resistant.
You are immune to negative energy.
You are immune to unholy pain and torment.
You can survive without breathing.


Message History

Natasha mewls in sadness.
Natasha claws you!
You see here a hobgoblin corpse.
The white imp gestures at you. The puff of frost hits you! You resist.
* * * LOW HITPOINT WARNING * * *
Natasha casts a spell.
Natasha casts a spell.
The white imp gestures at you. The puff of frost hits you! You resist.
* * * LOW HITPOINT WARNING * * *
You see here a rat corpse.
Casting: Flame Tongue
Confirm with . or Enter, or press ? or * to list all spells.
You don't know that spell.
Unknown command.
The white imp gestures at you. The puff of frost misses you.
The crimson imp blinks!
The white imp gestures at you. The puff of frost hits you! You resist.
You die...

############## ######
......#......#########....#
####
.####.'...5.h5.†@...##....#
#...
......#.....5######.##....#
#.#. #####.#......#
#.##....####.#. #
#.######## #
#.#............ # #.#
###.#.#.#.########### . #.#
.............>....... . ...
....#..........###### # ...
## #.....###..# #.## ...
#.....# #..# #...


You could see Natasha, 2 crimson imps and a white imp.

Vanquished Creatures
  A giant cockroach (D:2)
  3 hobgoblins
  3 bats (D:1)
  8 goblins (D:1)
  2 kobolds (D:1)
  5 rats
22 creatures vanquished.

Notes
Turn   | Place    | Note
--------------------------------------------------------------
     0 | D:1      | cruasano the Mummy Fire Elementalist began the quest for the Orb.
     0 | D:1      | Reached XP level 1. HP: 13/13 MP: 3/3
   507 | D:1      | Reached skill level 1 in Conjurations
   507 | D:1      | Reached XP level 2. HP: 11/19 MP: 1/5
  1140 | D:2      | Noticed Natasha
  1174 | D:2      | Noticed a crimson imp
  1174 | D:2      | HP: 1/20 [white imp/puff of frost[Natasha] (3)]
  1175 | D:2      | Killed from afar by a white imp

Skill      XL: |  1 |
---------------+----+-----
Conjurations   | 1 |  1.2
Fighting       | |  0.4
Dodging        | |  1.7
Stealth        | |  1.6
Spellcasting   | |  2.1
Fire Magic     | |  2.7

Action                   || total
-------------------------++-------
Melee: Club              ||    17
 Cast: Flame Tongue      ||    39
Armor: Robe              ||    33
Dodge: Dodged            ||    60
